 Dungeon Crawl Stone Soup version 0.29-a0-911-g88e6f02907 (webtiles) character file.

Game seed: 11264880423500249526

537 funkygono the Firebug (level 7, -4/36 HPs)
             Began as a Gargoyle Fire Elementalist on July 25, 2022.
             Was an Initiate of Vehumet.
             Killed by divine providence
             ... invoked by an orc priest
              (15 damage)
             ... on level 4 of the Dungeon.
             The game lasted 00:07:50 (3920 turns).

funkygono the Firebug (Gargoyle Fire Elementalist)  Turns: 3920, Time: 00:07:50

Health: -4/36      AC: 15    Str: 12    XL:     7   Next: 25%
Magic:  11/13      EV:  9    Int: 17    God:    Vehumet [......]
Gold:   194        SH:  0    Dex: 10    Spells: 4/14 levels left

rFire   . . .      SeeInvis .   h - +2 whip (venom)
rCold   . . .      Faith    .   (no shield)
rNeg    + . .      Spirit   .   q - +3 scale mail
rPois   ∞          Reflect  .   (no helmet)
rElec   +          Harm     .   (no cloak)
rCorr   .          Rampage  .   f - +0 pair of gloves
Will    .....                   (no boots)
Stlth   ..........              (no amulet)
HPRegen 0.12/turn               (no ring)
MPRegen 0.13/turn               (no ring)

@: no status effects
A: sickness immunity, AC +4, negative energy resistance 1, electricity
resistance, torment resistance 1, petrification resistance
a: Renounce Religion


You were on level 4 of the Dungeon.
You worshipped Vehumet.
Vehumet was noncommittal.
You visited 2 branches of the dungeon, and saw 7 of its levels.

You collected 194 gold pieces.

Inventory:

Hand Weapons
 c - a +0 whip of freezing
 h - a +2 whip of venom (weapon)
 m - a +0 flail of draining
Armour
 a - a +0 robe
 f - a +0 pair of gloves (worn)
 j - a +0 leather armour
 q - a +3 scale mail (worn)
 r - a +2 buckler
Magical Staves
 s - a staff of earth
 v - a staff of cold
Jewellery
 x - an amulet of faith
Wands
 k - a wand of digging (3)
Scrolls
 n - 2 scrolls of immolation
 p - a scroll of blinking
 t - a scroll of teleportation {unknown}
 u - a scroll of poison {unknown}
 w - a scroll of identify
Potions
 b - a potion of magic
 d - 2 potions of attraction
 e - 2 potions of brilliance
 g - a potion of flight {unknown}
 i - a potion of lignification {unknown}
 l - a potion of degeneration {unknown}
 o - a potion of curing


   Skills:
 + Level 0.2 Maces & Flails
 + Level 2.2 Armour
 + Level 1.7 Dodging
 - Level 2.1 Stealth
 + Level 4.4 Spellcasting
 + Level 3.4 Conjurations
 * Level 5.2 Fire Magic


You had 4 spell levels left.
You knew the following spells:

 Your Spells              Type           Power      Damage    Failure   Level
a - Foxfire               Conj/Fire      72%        2x1d7     13%         1
b - Scorch                Fire           42%        2d7       14%         2
c - Conjure Flame         Conj/Fire      18%        6-21      36%         3
d - Flame Wave            Conj/Fire      18%        2d6       78%         4

Your spell library contained the following spells:

 Spells                   Type           Power      Damage    Failure   Level
 Inner Flame              Hex/Fire       12%        N/A       63%         3
 Wereblood                Tmut           3%         N/A       75%         2
 Portal Projectile        Hex/Tloc       6%         N/A       93%         3
 Tukima's Dance           Hex            3%         N/A       93%         3
 Blade Hands              Tmut           1%         N/A       100%        5
 Summon Hydra             Summ           1%         N/A       100%        7
 Sublimation of Blood     Necr           Unusable   N/A       N/A         2

Dungeon Overview and Level Annotations

Branches:
Dungeon (6/15)             Temple (1/1) D:4

Altars:
Ashenzari
Cheibriados
Dithmenos
Elyvilon
Fedhas
Gozag
Hepliaklqana
Kikubaaqudgha
Makhleb
Qazlal
Ru
Trog
Uskayaw
Vehumet
Wu Jian
Xom
Zin
The Shining One


Innate Abilities, Weirdness & Mutations

You are immune to sickness and miasma.
Your stone body is resilient. (AC +4)
You are immune to poison.
You resist negative energy. (rN+)
You are resistant to electric shocks. (rElec)
You are resistant to unholy torment.
You are immune to petrification.


Message History

Casting: Foxfire (safe; 13% risk of failure)
Confirm with . or Enter, or press ? or * to list all spells.
You conjure some foxfire!
Unknown command.
Your foxfire dissipates!
Your foxfire dissipates!
HP restored.
Magic restored. 2 orc priests come into view.
The orc priest shouts! x2
An orc comes into view. It is wielding a +0 hand axe.
Casting: Foxfire (safe; 13% risk of failure)
Confirm with . or Enter, or press ? or * to list all spells.
You conjure some foxfire!
The orc shouts!
You hear a shout!
The orc priest casts a cantrip, but nothing happens.
An orc comes into view. It is wielding a +0 dagger.
Casting: Foxfire (safe; 13% risk of failure)
Confirm with . or Enter, or press ? or * to list all spells.
You conjure some foxfire!
The orc shouts!
An orc comes into view. It is wielding a +0 falchion.
An orc comes into view. It is wielding a +0 hand axe.
An orc priest comes into view. It is wielding a +0 hand axe.
The foxfire hits the orc but does no damage.
The foxfire hits the orc priest.
The orc priest is heavily wounded.
The foxfire hits the orc priest.
The orc priest is severely wounded.
The orc priest calls down the wrath of Beogh upon you.
Beogh smites you!
The orc priest calls down the wrath of Beogh upon you.
Beogh smites you!
* * * LOW HITPOINT WARNING * * *
The foxfire hits the orc.
The orc is severely wounded.
The orc priest looks satisfied for a moment.
The orc priest mumbles some strange prayers to Beogh against you.
Beogh smites you!
You die...

≈≈≈≈ ###...###.....o...
≈≈≈≈ #≈≈...≈≈#.ooo.....
≈≈≈.
##≈..♣..≈#...o.....
≈....
##.......÷.o.o.....
.....#
#...♣._.♣..o.#.....
.....####...........###
.## #...##...
#≈..♣..≈## ##...#.##
#≈≈...≈≈#
.......>######..@####
.....#...........)..#
###.######........<.#
##....)######.....[.#
##.###...## ##........
...# ###..####......#..
#..# ##...####...##...
#.## ###..###.#.# ..
..## ##..#..#.#


You could see 2 orc priests and 5 orcs.

Vanquished Creatures
  Sigmund (D:3)
  An ogre (D:5)
  A phantom (D:4)
  A scorpion (D:5)
  A jelly (D:3)
  Terence (D:3)
  3 adders
  A worm (D:4)
  An orc (D:3)
  4 bats
  4 endoplasms
  2 giant cockroaches (D:2)
  7 goblins
  5 hobgoblins
  6 jackals
  5 kobolds
  4 quokkas
  2 ball pythons
  2 frilled lizards (D:3)
  A hobgoblin zombie (D:4)
  2 kobold zombies (D:4)
  An orc zombie (D:4)
  7 rats
63 creatures vanquished.

Vanquished Creatures (others)
  A jelly (D:4)
  A dart slug (D:4)
  An orc (D:4)
  A quokka (D:4)
  A ball python (D:4)
  240 foxfires
245 creatures vanquished.

Grand Total: 308 creatures vanquished

Notes
Turn   | Place    | Note
-------+----------+-------------------------------------------
     0 | D:1      | funkygono the Gargoyle Fire Elementalist began the quest
                  | for the Orb.
     0 | D:1      | Reached XP level 1. HP: 10/10 MP: 3/3
   278 | D:1      | Reached XP level 2. HP: 15/15 MP: 3/5
   281 | D:1      | Learned a level 2 spell: Scorch
  1195 | D:2      | Reached XP level 3. HP: 19/19 MP: 0/6
  1199 | D:2      | Learned a level 3 spell: Conjure Flame
  1971 | D:3      | Noticed Terence
  1977 | D:3      | Killed Terence
  1978 | D:3      | Reached XP level 4. HP: 24/24 MP: 0/8
  2143 | D:3      | Reached skill level 4 in Fire Magic
  2222 | D:3      | Found an ornate altar of the Wu Jian Council.
  2399 | D:3      | Found a broken altar of Ashenzari.
  2616 | D:3      | Found a glowing golden altar of the Shining One.
  2619 | D:3      | Reached XP level 5. HP: 28/28 MP: 6/9
  2707 | D:3      | Noticed Sigmund
  2805 | D:3      | Killed Sigmund
  2806 | D:3      | Reached skill level 1 in Armour
  2806 | D:3      | Reached XP level 6. HP: 19/32 MP: 6/12
  3215 | D:4      | Found a staircase to the Ecumenical Temple.
  3234 | Temple   | Entered the Ecumenical Temple
  3261 | Temple   | Became a worshipper of Vehumet
  3401 | D:4      | Learned a level 4 spell: Flame Wave
  3438 | D:4      | You fall into a shaft and drop 2 floors!
  3505 | D:5      | Entered Level 5 of the Dungeon
  3584 | D:5      | Reached skill level 5 in Fire Magic
  3584 | D:5      | Reached XP level 7. HP: 36/36 MP: 6/13
  3838 | D:4      | Found a white marble altar of Elyvilon.
  3920 | D:4      | Killed from afar by an orc priest

Illustrated notes

Levels and vault maps discovered:
D:1:      minmay_arrival_stone_box, layout_rooms
D:2:      layout_rooms
D:3:      layout_rooms, old_standard_altar, cheibrodos_ashenzari_chains,
          mainiacjoe_overflow_six_doors_small, uniq_terence, uniq_sigmund
D:4:      layout_rooms, elyvilon_altar_4, nemelex_dance_club_becter,
          temple_pool_b, minmay_misc_feat_nine_boxes, minmay_misc_feat_ornament,
          minmay_mini_ossuary
D:5:      layout_basic, nicolae_overflow_crystal_walls, minmay_misc_feat_room
D:6:      layout_rooms
Temple:   nicolae_temple_great_sept

Skill      XL: |  1  2  3  4  5  6 |
---------------+-------------------+-----
Conjurations   | 2 3 |  3.4
Fire Magic     | 4 5 |  5.2
Spellcasting   | 3 4 |  4.4
Armour         | 1 2 |  2.2
Maces & Flails | |  0.2
Dodging        | |  1.7
Stealth        | |  2.1

Action                   |  1- 3 |  4- 6 |  7- 9 || total
-------------------------+-------+-------+-------++-------
Melee: Whip              |     5 |    30 |     5 ||    40
 Cast: Foxfire           |    73 |    58 |    10 ||   141
       Scorch            |     1 |     4 |     2 ||     7
  Use: Scroll            |     9 |     1 |       ||    10
       Potion            |       |     2 |       ||     2
Armor: Robe              |     7 |     4 |       ||    11
       Scale mail        |       |    22 |     4 ||    26
Dodge: Dodged            |    10 |    18 |     2 ||    30

Table legend: (Time is in decaauts)
 A = Elapsed time spent in this place.
 B = Non-inter-level travel time spent in this place.
 C = Inter-level travel time spent in this place.
 D = Time resting spent in this place.
 E = Time spent auto-exploring this place.
 F = Levels seen in this place.
 G = Mean time per level.
                   A        B        C        D        E       F      G
               +--------+--------+--------+--------+--------+-----+--------+
         Total |   3928 |   3847 |     81 |    333 |   2807 |   7 |  561.1 |
       Dungeon |   3848 |   3781 |     67 |    333 |   2757 |   6 |  641.3 |
        Temple |     79 |     66 |     13 |      0 |     50 |   1 |   79.0 |
               +--------+--------+--------+--------+--------+-----+--------+

Top non-repeatable levels by time:
     D:1: 1179 daAuts
     D:3: 1070 daAuts
     D:2: 773 daAuts
     D:4: 431 daAuts
     D:5: 326 daAuts
  Temple: 79 daAuts
     D:6: 66 daAuts
